 Dungeon Crawl Stone Soup version 0.31-a0-150-g89dc3ad700 (webtiles) character file.

Game seed: 2279767408738875521

579 Ijustatesigmund the Stinger (level 7, 0/43 HPs)
             Began as an Octopode Venom Mage on June 8, 2023.
             Succumbed to a scorpion's poison
             ... on level 4 of the Dungeon.
             The game lasted 00:08:44 (5241 turns).

Ijustatesigmund the Stinger (Octopode Venom Mage)   Turns: 5241, Time: 00:08:45

Health: 0/43       AC:  1    Str: 12 (13) XL:     7   Next: 36%
Magic:  4/11       EV: 13    Int: 17 (20) God:
Gold:   266        SH:  0    Dex: 10 (12) Spells: 2/12 levels left

rFire   . . .        f - +2 mace (protect)
rCold   . . .        (no shield)
rNeg    . . .        (helmet restricted)
rPois   .            (no amulet)
rElec   .            n - +6 ring of strength
rCorr   .            (no ring)
SInv    .            (no ring)
Will    +....        (no ring)
Stlth   +++          (no ring)
HPRegen 0.27/turn    (no ring)
MPRegen 0.12/turn    (no ring)
                     (no ring)

%: no passive effects
@: lethally poisoned (0 -> -12), enlightened, flying
A: almost no armour, amphibious, 8 rings, camouflage 1, gelatinous body 1,
(nimble swimmer 1), tentacles
a: no special abilities


You were on level 4 of the Dungeon.
You visited 1 branch of the dungeon, and saw 5 of its levels.

You collected 266 gold pieces.

Inventory:

Hand Weapons
 f - a +2 mace of protection (weapon)
Jewellery
 n - a +6 ring of strength (left tentacle)
Scrolls
 b - a scroll of enchant armour {unknown}
 c - 4 scrolls of teleportation {unknown}
 d - 3 scrolls of identify {unknown}
 i - 2 scrolls of magic mapping {unknown}
 j - a scroll of fear {unknown}
 k - a scroll of brand weapon {unknown}
 m - a scroll of fog {unknown}
 o - a scroll of torment {unknown}
 p - 4 scrolls of amnesia {unknown}
 r - 2 scrolls of noise {unknown}
Potions
 a - a potion of magic
 h - 3 potions of haste
 l - a potion of invisibility {unknown}
 q - a potion of might {unknown}


   Skills:
 - Level 1.1 Fighting
 - Level 2.0 Dodging
 - Level 2.6 Stealth
 - Level 3.1 Spellcasting
 - Level 2.0 Conjurations
 - Level 1.3 Transmutations
 + Level 4.2 Air Magic
 + Level 6.6 Poison Magic


You had 2 spell levels left.
You knew the following spells:

 Your Spells              Type           Power      Damage    Failure   Level
a - Sting                 Tmut/Pois      64%        1d6       3%          1
b - Poisonous Vapours     Pois/Air       42%        N/A       2%          2
c - Mephitic Cloud        Conj/Pois/Air  17%        N/A       9%          3
d - Olgreb's Toxic Radia  Pois           25%        N/A       11%         4

Your spell library contained the following spells:

 Spells                   Type           Power      Damage    Failure   Level
 Shock                    Conj/Air       52%        1d6       4%          1
 Necrotise                Necr           8%         1d4       17%         1
 Swiftness                Air            17%        N/A       9%          3
 Airstrike                Air            8%         2d(2-18)  30%         4
 Vampiric Draining        Necr           2%         2d6       45%         3
 Agony                    Necr           2%         N/A       99%         5


Dungeon Overview and Level Annotations

Branches:
Dungeon (5/15)             Temple (0/1) D:5

Altars:
Makhleb


Innate Abilities, Weirdness & Mutations

You cannot wear most types of armour.
You are amphibious.
You can wear up to eight rings at the same time.
Your skin changes colour to match your surroundings (Stealth+).
Your rubbery body absorbs attacks. (AC +1, EV +1)
((You are camouflaged when in or above water. (Stealth+)))
You have tentacles for arms and can constrict up to eight enemies at once.


Message History

The phantom hits you.
The phantom blinks!
You blink.
You hit the phantom but do no damage.
The phantom is almost destroyed.
The phantom barely misses you.
You sock the phantom!
You destroy the phantom!
The scorpion barely misses you.
The scorpion stings you but does no damage.
Your Air Magic skill increases to level 4!
Casting: Olgreb's Toxic Radiance (quite dangerous; 9% risk of failure)
Confirm with . or Enter, or press ? or * to list all spells.
Aiming: Sting (safe; 2% risk of failure)
Press: ? - help, Shift-Dir - straight line, f - scorpion
Aim: a scorpion (severely wounded, 74% to hit)
The sting misses the scorpion.
The scorpion stings you.
You are poisoned.
The scorpion poisons you!
Unknown command.
Okay, then.
You barely miss the scorpion. Your grab misses the scorpion.
The scorpion is severely wounded.
* * * LOW HITPOINT WARNING * * *
You feel very sick. The scorpion stings you.
* * * LOW HITPOINT WARNING * * *
The scorpion stings you.
* * * LOW HITPOINT WARNING * * *
You are more poisoned.
The scorpion poisons you!
Okay, then.
It was a potion of enlightenment.
You feel very buoyant.
You fly up into the air.
* * * LOW HITPOINT WARNING * * *
You feel very sick. The scorpion barely misses you.
It was a potion of degeneration.
There was something very wrong with that liquid.
You feel weakened.
You feel dopey.
You feel clumsy.
You die...

............)..######### #.
###.####.#.....###### #.
###.####.#.....#....# #.
.............>§#....# #.
.#######.#.....#....# #.
.#...÷...#.....#....# #.
......##.#.....#....############.
...#.###.#.##..s....'.........##.
.###.# #.####.##@...########.###.
.#...# #.# #.##....# #.# #.
.#.#####.# #.##....# #.# #.
.........# #.##....# #.# #.
##.####### #.####### #)###.
##.##########.#### #.....
.....##..........# ###########
.#.#.##..........# #.......#
.#.#.#<..........# #.#####.#


You could see a scorpion.

Vanquished Creatures
  A black bear (D:4)
  A phantom (D:4)
  3 scorpions (D:5)
  A hound (D:3)
  2 jellies
  An iguana (D:4)
  Robin (D:3)
  2 adders
  2 worms
  2 dart slugs
  10 orcs
  11 ball pythons
  2 bats
  6 endoplasms
  A giant cockroach (D:2)
  14 goblins
  4 hobgoblins
  3 jackals (D:2)
  A quokka (D:4)
  3 frilled lizards
  3 kobolds
  3 rats
77 creatures vanquished.

Notes
Turn   | Place    | Note
-------+----------+-------------------------------------------
     0 | D:1      | Ijustatesigmund the Octopode Venom Mage began the quest for
                  | the Orb.
     0 | D:1      | Reached XP level 1. HP: 11/11 MP: 3/3
   343 | D:1      | Reached XP level 2. HP: 18/18 MP: 1/5
   428 | D:1      | Learned a level 2 spell: Poisonous Vapours
  1153 | D:2      | Reached skill level 4 in Poison Magic
  1272 | D:2      | Reached skill level 1 in Fighting
  1451 | D:2      | Reached XP level 3. HP: 23/23 MP: 1/6
  1507 | D:2      | Learned a level 3 spell: Mephitic Cloud
  2242 | D:3      | Reached skill level 1 in Air Magic
  2412 | D:3      | Reached skill level 1 in Conjurations
  2412 | D:3      | Reached XP level 4. HP: 20/28 MP: 4/8
  2497 | D:3      | Noticed Robin
  2530 | D:3      | Killed Robin
  3220 | D:4      | Noticed a black bear
  3228 | D:4      | Killed a black bear
  3229 | D:4      | Reached XP level 5. HP: 7/33 MP: 0/9
  3566 | D:4      | Learned a level 4 spell: Olgreb's Toxic Radiance
  3620 | D:4      | Reached skill level 5 in Poison Magic
  3620 | D:4      | Reached XP level 6. HP: 16/38 MP: 10/10
  3854 | D:4      | Identified the +8 chain mail "Egut" {Will+ Str+5}
  4214 | D:4      | Found a burning altar of Makhleb.
  4992 | D:5      | Entered Level 5 of the Dungeon
  5211 | D:5      | Reached skill level 6 in Poison Magic
  5211 | D:5      | Reached XP level 7. HP: 43/43 MP: 11/11
  5224 | D:5      | Found a staircase to the Ecumenical Temple.
  5241 | D:4      | Succumbed to a scorpion's poison

Illustrated notes

Levels and vault maps discovered:
D:1:      tarquinn_simple_flora_water_a, layout_loops_cross
D:2:      minmay_spotlight, layout_basic, minmay_statues_item
D:3:      layout_loops_ring, uniq_robin
D:4:      layout_basic, mainiacjoe_overflow_alcove_1
D:5:      layout_rooms, nicolae_hepliaklqana_monster_ancestors,
          minmay_temple_entry_sparse_star, nrook_mini_vaults

Skill      XL: |  1  2  3  4  5  6  7 |
---------------+----------------------+-----
Poison Magic   | 4 5 6 |  6.6
Fighting       | 1 |  1.1
Air Magic      | 1 2 3 4 |  4.2
Conjurations   | 1 2 |  2.0
Spellcasting   | 3 |  3.1
Dodging        | |  2.0
Stealth        | |  2.6
Transmutations | |  1.3

Action                     |  1- 3 |  4- 6 |  7- 9 || total
---------------------------+-------+-------+-------++-------
  Melee: Unarmed           |     5 |       |       ||     5
         Tentacles         |    10 |    18 |     3 ||    31
         Short sword       |     9 |       |       ||     9
         Constrict         |    10 |    17 |       ||    27
         Hand axe          |    25 |    45 |       ||    70
         Mace              |       |     8 |    13 ||    21
   Cast: Sting             |    21 |     1 |     1 ||    23
         Poisonous Vapours |    18 |    24 |       ||    42
         Mephitic Cloud    |       |     1 |       ||     1
         Olgreb's Toxic Ra |       |     2 |     2 ||     4
    Use: Potion            |       |     2 |     2 ||     4
   Stab: Sleeping          |     2 |     3 |       ||     5
 Armour: Skin              |     5 |     2 |     5 ||    12
  Dodge: Dodged            |    31 |    40 |    15 ||    86

Table legend: (Time is in decaauts)
 A = Elapsed time spent in this place.
 B = Non-inter-level travel time spent in this place.
 C = Inter-level travel time spent in this place.
 D = Time resting spent in this place.
 E = Time spent auto-exploring this place.
 F = Levels seen in this place.
 G = Mean time per level.
                   A        B        C        D        E       F      G
               +--------+--------+--------+--------+--------+-----+--------+
         Total |   5250 |   5097 |    153 |   1264 |   3298 |   5 | 1050.0 |
       Dungeon |   5250 |   5097 |    153 |   1264 |   3298 |   5 | 1050.0 |
               +--------+--------+--------+--------+--------+-----+--------+

Top non-repeatable levels by time:
     D:4: 1791 daAuts
     D:3: 1157 daAuts
     D:2: 1091 daAuts
     D:1: 964 daAuts
     D:5: 245 daAuts
